 Dungeon Crawl Stone Soup version 0.32-a0-329-ge6c31236d6 (webtiles) character file.

Game seed: 5322828287738359380

2 Bravepunisher the Ducker (level 1, -6/11 HPs)
             Began as a Spriggan Monk on Feb 16, 2024.
             Killed by divine providence
             ... invoked by an orc priest
              (13 damage)
             ... on level 4 of the Dungeon.
             The game lasted 00:01:00 (114 turns).

Bravepunisher the Ducker (Spriggan Monk)             Turns: 114, Time: 00:01:00

Health: -6/11      AC:  2    Str:  7    XL:     1   Next: 33%
Magic:  2/2        EV: 19    Int: 11    God:
Gold:   0          SH:  0    Dex: 17    Spells: 0/0 levels left

rFire   . . .        a - +0 short sword
rCold   . . .        (no shield)
rNeg    . . .        b - +0 robe
rPois   .            (helmet restricted)
rElec   .            (no cloak)
rCorr   .            (gloves unavailable)
SInv    +            (boots unavailable)
Will    .....        (no amulet)
Stlth   ++           (no ring)
HPRegen 0.21/turn    (no ring)
MPRegen 0.08/turn

%: no passive effects
@: very quick
A: very small, no large weapons, unfitting armour, see invisible, speed 3
a: Convert to Beogh


You were on level 4 of the Dungeon.
You visited 1 branch of the dungeon, and saw 5 of its levels.

Inventory:

Hand Weapons
 a - a +0 short sword (weapon)
Armour
 b - a +0 robe (worn)
Potions
 c - a potion of ambrosia


   Skills:
 + Level 2.4 Fighting
 - Level 3.2 Short Blades
 * Level 4.2 Dodging


You couldn't memorise any spells.
You didn't know any spells.
Your spell library was empty.

Dungeon Overview and Level Annotations

Branches:
Dungeon (5/15)
 Temple: D:4-7

Altars:

Annotations:
D:4 Sigmund


Innate Abilities, Weirdness & Mutations

You are very small and have problems with some larger weapons.
You are too small for most types of armour.
You have supernaturally acute eyesight. (SInv)
You cover ground extremely quickly. (Speed+++)


Message History

The orc shouts!
A ribbon worm comes into view.
There is a stone staircase leading up here. 2 gnolls come into view.
The hound attacks as it pursues you! The hound completely misses you.
A gnoll comes into view. It is wielding a +0 club.
The gnoll shouts!
You hear a bark!
The ribbon worm expels a string of sticky webbing.
The stream of webbing misses you. The hound attacks as it pursues you!
The hound completely misses you. The hound misses you.
An adder comes into view.
A hound comes into view.
The hound attacks as it pursues you! The hound bites you.
The hound attacks as it pursues you! The hound closely misses you.
An adder comes into view.
The gnoll misses you. The gnoll attacks as it pursues you!
The gnoll barely misses you. The gnoll hits you with a +0 club!
Ouch! That really hurt!
* * * LOW HITPOINT WARNING * * *
Sigmund the Dreaded comes into view.
He is wielding a +0 scythe.
An iguana comes into view.
The hound attacks as it pursues you! The hound closely misses you.
The adder hisses angrily.
The hound stops to sniff the ground.
An endoplasm comes into view.
Found three items.
The quasit gives a chilling moan. x3; You hear a chilling moan.
Found 21 gold pieces.
The quasit gives a chilling moan.
The endoplasm quivers.
An orc priest and an orc come into view.
The orc shouts!
An orc wizard comes into view. It is wielding a +0 dagger.
The orc priest shouts!
The orc wizard shouts!
The orc priest threatens, "Beogh's wrath is as vast as their mercy.
Make your choice!" (press Y on the ability menu to convert to Beogh)
The orc priest invokes the aid of Beogh against you.
Beogh smites you!
Ouch! That really hurt!
You die...

.. .. .# #. #####
..###.. ....##
..#.. .....#
#..o### ##S..#
#..... 5##..# #..o#
55#..# #o@.# 5##..#
#...# ##...# #...#
...#h### ####...#
.......# #......#
.....#.#####.##...#
####.#.J.....##...#
############...#
#####


You could see an orc priest, an orc wizard and an orc.

Vanquished Creatures
  A ball python (D:4)
  A rat (D:3)
2 creatures vanquished.

Notes
Turn   | Place    | Note
-------+----------+-------------------------------------------
     0 | D:1      | Bravepunisher the Spriggan Monk began the quest for the
                  | Orb.
     0 | D:1      | Reached XP level 1. HP: 11/11 MP: 2/2
    21 | D:3      | Found a faded altar of an unknown god.
    29 | D:5      | Entered Level 5 of the Dungeon
    38 | D:5      | Noticed a water moccasin
    57 | D:4      | Noticed a hound
    74 | D:4      | Noticed a hound
    80 | D:4      | Noticed Sigmund
    81 | D:4      | Noticed an iguana
    96 | D:4      | Noticed a quasit
    96 | D:4      | Noticed a quasit
    96 | D:4      | Noticed a quasit
    97 | D:4      | Noticed a quasit
   110 | D:4      | Noticed an orc priest
   111 | D:4      | Noticed an orc wizard
   114 | D:4      | Killed from afar by an orc priest

Illustrated notes

Levels and vault maps discovered:
D:1:      dpeg_arrival_refuge, layout_basic
D:2:      layout_rooms, basic_altar, grunt_ministairs_15
D:3:      kennysheep_the_goblin_king, layout_loops_ring, minitemple,
          mainiacjoe_overflow_chevrons, hellmonk_ecumenical_altar_crossroads,
          uniq_grinder, uniq_robin
D:4:      cheibrodos_quashed, layout_rooms, general_overflow_altar, temple_hall,
          hangedman_decor_diamond_cutter, minmay_fractal_squares_gapless_5,
          uniq_sigmund, uniq_blork_the_orc
D:5:      layout_gridville, nemelex_diamond_rough_becter, ebering_ghost_gozag,
          minivault_11

Action                     || total
---------------------------++-------
  Melee: Short sword       ||     5
 Armour: Robe              ||     3
  Dodge: Dodged            ||    22

Table legend: (Time is in decaauts)
 A = Elapsed time spent in this place.
 B = Non-inter-level travel time spent in this place.
 C = Inter-level travel time spent in this place.
 D = Time resting spent in this place.
 E = Time spent auto-exploring this place.
 F = Levels seen in this place.
 G = Mean time per level.
                   A        B        C        D        E       F      G
               +--------+--------+--------+--------+--------+-----+--------+
         Total |     76 |     76 |      0 |      0 |      0 |   5 |   15.2 |
       Dungeon |     76 |     76 |      0 |      0 |      0 |   5 |   15.2 |
               +--------+--------+--------+--------+--------+-----+--------+

Top non-repeatable levels by time:
     D:4: 42 daAuts
     D:5: 15 daAuts
     D:1: 7 daAuts
     D:3: 6 daAuts
     D:2: 4 daAuts
